 Dungeon Crawl Stone Soup version 0.21-a0-625-g1119ec1 (webtiles) character file.

11 slep the Slasher (level 2, -7/25 HPs)
             Began as a Barachi Monk on Dec 25, 2017.
             Mangled by a gnoll
             ... wielding a +0 club
              (9 damage)
             ... on level 1 of the Dungeon.
             The game lasted 00:01:26 (123 turns).

slep the Slasher (Barachi Monk)                      Turns: 123, Time: 00:01:27

Health: -7/25      AC:  3    Str: 12    XL:     2   Next: 29%
Magic:  2/2        EV: 13    Int: 10    God:
Gold:   24         SH:  0    Dex: 14    Spells: 1/1 levels left

rFire    . . .     SeeInvis .   a - +0 falchion
rCold    . . .     Gourm    .   (no shield)
rNeg     . . .     Faith    .   d - +0 leather armour
rPois    .         Spirit   .   (no helmet)
rElec    .         Reflect  .   (no cloak)
rCorr    .         Harm     .   (no gloves)
MR       .....                  (no boots)
Stlth    ++........             (no amulet)
HPRegen  0.08/turn              (no ring)
MPRegen  0.08/turn              (no ring)

@: slow
A: +LOS, swims, slowness 1, strong legs 1
a: Hop


You were on level 1 of the Dungeon.
You were not hungry.

You visited 1 branch of the dungeon, and saw 1 of its levels.

You collected 24 gold pieces.

Inventory:

Hand Weapons
 a - a +0 falchion (weapon)
Armour
 b - a +0 robe
 d - a +0 leather armour (worn)
Comestibles
 c - a ration


   Skills:
 + Level 3.9 Fighting
 + Level 4.0 Long Blades
 + Level 3.4 Dodging
 + Level 1.8 Stealth


You had one spell level left.
You didn't know any spells.

Dungeon Overview and Level Annotations

Branches:
Dungeon (1/15)

Altars:


Innate Abilities, Weirdness & Mutations

Shadows flee at your approach. (+LOS)
You can swim through water.
You cover ground slowly.
You can hop short distances.


Message History

You barely miss the rat.
The hobgoblin shouts!
The rat closely misses you.
You slash the rat!
You kill the rat!
You barely miss the gnoll. The gnoll hits you with a club.
* * * LOW HITPOINT WARNING * * *
You hit the gnoll but do no damage. The gnoll hits you but does no damage.
You hit the gnoll.
The gnoll is moderately wounded.
The gnoll hits you with a club.
* * * LOW HITPOINT WARNING * * *
You completely miss the gnoll.
The gnoll is moderately wounded.
The gnoll closely misses you.
You riposte.
You hit the gnoll but do no damage.
The gnoll is moderately wounded.
You barely miss the gnoll.
The gnoll is moderately wounded.
The gnoll hits you with a club!
You die...

....................#.###
...##(...(..........#....
............$............
....... #.#............#
......(##..............#
.......g..............#.##
.........l.###........#...
......###g.####.#.........
#......†@................
....#.#...................
.........##.######.>..
##..####...#.# #..## #..
#.....# #..# ..>.
#.....### #..# #... ##
.......## #..# ##.. ...
##..#..###..# ...
#..###....##...##


You could see a gnoll, a hobgoblin and a frilled lizard.

Vanquished Creatures
  A leopard gecko (D:1)
  A giant cockroach (D:1)
  A hobgoblin (D:1)
  2 jackals (D:1)
  2 bats (D:1)
  A frilled lizard (D:1)
  2 rats (D:1)
10 creatures vanquished.

Notes
Turn   | Place    | Note
-------+----------+-------------------------------------------
     0 | D:1      | slep the Barachi Monk began the quest for the Orb.
     0 | D:1      | Reached XP level 1. HP: 18/18 MP: 1/1
   100 | D:1      | Reached skill level 4 in Long Blades
   100 | D:1      | Reached XP level 2. HP: 17/25 MP: 2/2
   121 | D:1      | HP: 1/25 [gnoll/club (5)]
   123 | D:1      | Mangled by a gnoll

Vault maps used:
D:1:      dpeg_arrival_shrine, minmay_pentomino_o4

Skill      XL: |  1 |
---------------+----+-----
Long Blades    | 4 |  4.0
Fighting       | |  3.9
Dodging        | |  3.4
Stealth        | |  1.8

Action                   || total
-------------------------++-------
Melee: Falchion          ||    41
Armor: Leather armour    ||     8
Dodge: Dodged            ||    36
       Rpst.: Falchion   ||    16

Table legend:
 A = Spawn XP
 B = Non-spawn XP
 C = Spawn XP percentage of total XP
 D = Spawn monster count
 E = Non-spawn monster count
 F = Spawn count percentage of total count
 G = Total turns spent on level
                    A         B        C        D         E        F      G
               +---------+---------+-------+---------+---------+-------+---------
         Total |       0 |      17 |   0.0 |       0 |      10 |   0.0 |   123
               +---------+---------+-------+---------+---------+-------+---------
           D:1 |       0 |      17 |   0.0 |       0 |      10 |   0.0 |   123
               +---------+---------+-------+---------+---------+-------+---------
